AoeStats
← hightower_208

Lombardia

507335853Analyzed
2v2 RM · 15d ago on Sep 17, 2026· 26m 24s· 4 players
Game mode
Random Map
Map size
Medium (4 player)
Population
200
Speed
Normal
Resources
Standard
Victory
Conquest
Starting age
Dark Age
Ending age
Imperial Age
RankedLock teamsTeams togetherTeam positionsShared explorationLock speedFull tech treeHidden civsTurbo modeCheats
Victory
Defeat
🇨🇭 Magyars · Switzerland
1565
+21
🇨🇭 Britons · Switzerland
1565
+21
🇩🇪 Magyars · Germany
1694
-22
🇩🇪 Ethiopians · Germany
1646
-20
Jiav
6:46 Loom
9:19 Feudal Age
9:52 Double-Bit Axe
12:59 Scale Barding Armor
12:56 Horse Collar
22:25 Castle Age
21:57 Bloodlines
23:40 Chain Barding Armor
23:23 Husbandry
23:28 Gold Mining
[MRK] Feudal Forever
7:00 Loom
9:09 Feudal Age
9:48 Double-Bit Axe
13:52 Wheelbarrow
13:34 Fletching
15:06 Padded Archer Armor
21:57 Castle Age
20:54 Horse Collar
21:04 Gold Mining
22:35 Bodkin Arrow
22:02 Crossbowman
23:21 Bow Saw
24:08 Leather Archer Armor
24:37 Ballistics
hightower_208
6:45 Loom
9:07 Feudal Age
11:09 Double-Bit Axe
11:05 Horse Collar
16:50 Wheelbarrow
21:02 Castle Age
19:54 Scale Barding Armor
20:35 Bloodlines
22:16 Chain Barding Armor
Mjoelnir
6:35 Loom
8:50 Feudal Age
9:34 Double-Bit Axe
20:36 Castle Age
19:04 Fletching
19:56 Padded Archer Armor
20:39 Crossbowman
21:48 Bodkin Arrow
25:16 Ballistics
Connection lost

Rejoining the realm…

Still unreachable

The connection could not be restored.

Session expired

The server has moved on; the page needs a fresh start.